Map: Paladino Terminal LE

Players

SectalRex

  • Race: Terran Terran
  • Spawn Location: 9:00

A.I. 1 (Very Easy) - Winner!

  • Race: Terran Terran
  • Spawn Location: 5:00

VOD

Have the link to the VOD?

Description

Time

  • Played on: Feb. 1, 2017, 4:54 a.m.
  • Length: 10:41
Show
View Real Time Build Order
Export as new Build Order

SectalRex Terran 

Build Orders: 1/1/1, Cyclone Opening, MMM Bio 

Get SALT Encoding   

  12  0:01  SCV  
  13  0:13  SCV  
  14  0:19  Supply Depot  
  14  0:25  SCV  
  15  0:30  Refinery  
  15  0:40  SCV  
  16  0:47  Barracks  
  16  0:52  SCV  
  17  0:58  Refinery  
  17  1:04  SCV  
  18  1:16  SCV  
  19  1:33  Orbital Command  
  19  1:35  Reaper  
  20  1:40  Factory  
  20  1:52  Supply Depot  
  20  2:01  SCV  
  21  2:07  Reaper  
  22  2:14  SCV  
  23  2:26  Starport  
  23  2:28  SCV  
  24  2:34  Cyclone  
  27  2:40  SCV  
  27  2:43  Barracks Tech Lab  
  28  2:47  Supply Depot  
  28  2:52  SCV  
  29  3:04  SCV  
  30  3:15  Command Center  
  30  3:18  SCV  
  31  3:21  Raven  
  33  3:28  Factory Tech Lab  
  33  3:29  Barracks Reactor  
  33  3:30  SCV  
  34  3:40  Supply Depot  
  34  3:42  SCV  
  35  3:48  Siege Tank  
  35  3:54  SCV  
  39  4:06  SCV  
  39  4:07  Refinery  
  40  4:16  Viking x2  
  44  4:17  Marine  
  44  4:20  SCV  
  46  4:39  Command Center  
  46  4:41  SCV  
  47  4:48  Orbital Command  
  47  4:56  SCV  
  47  4:57  Viking  
  47  4:59  Viking  
  52  5:08  SCV  
  52  5:13  Marine  
  54  5:14  Siege Tank  
  54  5:19  SCV  
  54  5:20  SCV  
  59  5:29  Supply Depot  
  59  5:41  SCV x2  
  61  5:42  Barracks  
  61  5:43  Barracks  
  61  5:44  Marine  
  61  5:46  Starport Reactor  
  62  5:50  Siege Tank  
  62  5:53  SCV  
  62  5:54  Orbital Command  
  62  5:55  SCV  
  67  6:05  SCV  
  67  6:06  Engineering Bay  
  67  6:07  SCV  
  67  6:08  Engineering Bay  
  67  6:09  Stimpack  
  67  6:11  Marine  
  69  6:17  SCV  
  71  6:19  SCV  
  71  6:21  SCV  
  73  6:28  Barracks  
  73  6:29  Barracks  
  73  6:30  Marine x2  
  75  6:40  SCV x2  
  75  6:41  SCV  
  75  6:42  Terran Infantry Armor Level 1, Terran Infantry Weapons Level 1  
  75  6:45  Supply Depot  
  75  6:46  Supply Depot  
  78  6:47  Refinery, Starport Reactor  
  78  6:48  Marine x3  
  78  6:49  Marine  
  78  6:52  SCV x2  
  78  6:53  SCV  
  85  7:06  Siege Tank, Marine  
  85  7:07  SCV  
  85  7:08  SCV x2  
  91  7:14  Supply Depot x2  
  91  7:15  Marine x3  
  92  7:18  Barracks Reactor  
  92  7:19  Barracks Reactor  
  95  7:25  Armory  
  95  7:26  Medivac x2  
  95  7:27  SCV x2  
  101  7:33  Supply Depot  
  101  7:35  Supply Depot  
  102  7:37  Supply Depot  
  102  7:38  Marine x3  
  102  7:40  Marine  
  102  7:42  SCV  
  106  7:52  Supply Depot  
  106  7:54  Orbital Command, Supply Depot  
  106  7:55  Marine x2  
  106  7:56  Marine x3  
  111  8:01  SCV x2  
  113  8:10  Combat Shields  
  113  8:15  Supply Depot  
  113  8:16  Marine x6  
  113  8:17  Marine  
  120  8:21  Refinery  
  120  8:24  Refinery  
  120  8:27  SCV x2, Factory  
  120  8:28  SCV  
  120  8:29  Marine x2  
  125  8:35  Marine  
  125  8:36  Marine x6  
  132  8:47  Marine  
  133  8:51  SCV  
  133  8:52  SCV x2  
  136  8:56  Marine x4  
  136  8:57  Marine x3  
  136  8:58  Siege Tank, Medivac x2  
  150  9:03  SCV  
  150  9:04  SCV  
  150  9:05  Supply Depot  
  150  9:07  Supply Depot  
  150  9:09  Marine x2  
  154  9:13  Factory Tech Lab  
  154  9:16  SCV x2  
  156  9:17  SCV  
  156  9:22  Marine x5  
  156  9:23  Marine x2  
  164  9:30  Marine, Supply Depot  
  164  9:31  Marine, Supply Depot  
  166  9:32  Siege Tank x2  
  166  9:33  Medivac x2  
  176  9:40  Marine  
  176  9:42  Command Center  
  177  9:47  Marine x3  
  177  9:48  Marine  
  177  9:51  Marine x3  
  184  9:55  Marine  
  184  9:57  Marine  
  186  10:03  Barracks  
  186  10:05  Barracks  
  186  10:12  Barracks  
  186  10:13  Marine x8  
Show
View Real Time Build Order
Export as new Build Order

A.I. 1 (Very Easy) Terran - Winner!

Build Orders:  

Get SALT Encoding   

  12  0:00  SCV  
  13  0:13  SCV  
  14  0:20  Supply Depot  
  14  0:38  Refinery  
  14  0:43  Barracks  
  14  1:05  Supply Depot  
  14  1:14  Refinery  
  14  1:30  Marine  
  14  1:32  Orbital Command  
  15  1:58  SCV  
  16  2:05  Marine  
  17  2:10  SCV  
  18  2:22  SCV  
  19  2:34  SCV  
  20  2:41  Marine  
  21  2:46  SCV  
  22  2:58  SCV  
  23  4:09  SCV  
  24  5:57  SCV  
  24  5:58  Marine, Supply Depot  
  24  6:00  Factory  
  25  6:06  Command Center  
  25  6:20  SCV  
  25  6:22  Supply Depot  
  26  6:32  SCV, Marine  
  25  6:44  SCV  
  26  6:47  Starport  
  26  6:51  Barracks Tech Lab  
  26  6:56  SCV  
  27  7:09  Marine  
  28  7:18  SCV  
  29  7:25  SCV  
  30  7:30  Refinery, Starport Tech Lab  
  30  7:33  SCV, Refinery  
  31  7:40  SCV  
  34  7:44  Marauder  
  34  7:47  SCV  
  34  7:50  Raven  
  37  7:54  SCV  
  38  8:02  SCV  
  39  8:09  SCV  
  40  8:16  SCV  
  40  8:18  Marine  
  42  8:23  SCV  
  43  8:30  SCV  
  43  8:33  Raven  
  46  8:37  SCV  
  47  8:45  SCV  
  48  8:52  SCV  
  49  8:59  SCV  
  50  9:48  SCV  
Tags
 
Add a new tag
Caveats
  • Supply blocks, unpowered buildings, or Contaminate may cause inaccurate times.
  • Supply counts are checked every 10 seconds.